 Dungeon Crawl Stone Soup version bcrawl-1.36.5b (webtiles) character file.

Game seed: 2673468912381655845

109066 Corvidia the Ducker (level 4, -3/35 HPs)
             Began as a Demonspawn Gladiator on Sept 5, 2022.
             Was an Initiate of Wu Jian.
             Slain by a worker ant (4 damage)
             ... on level 3 of the Dungeon.
             The game lasted 00:03:03 (2107 turns).

Corvidia the Ducker (Demonspawn Gladiator)          Turns: 2107, Time: 00:03:03

Health: -3/35      AC:  3    Str: 15    XL:     4   Next: 5%
Magic:  4/4        EV: 13    Int: 10    God:    Wu Jian [......]
Gold:   141        SH:  0    Dex: 14    Spells: 3/3 levels left

rFire    . . .     GDR:     27%   - Claws (7.6)
rCold    . . .     SeeInvis .   (no shield)
rNeg     . . .     Gourm    .   b - +0 leather armour
rPois    .         Faith    .   (helmet restricted)
rElec    .         Spirit   .   (no cloak)
rCorr    .         Reflect  .   (no gloves)
MR       .....                  (no boots)
Stlth    ++........             (no amulet)
HPRegen  0.11/turn              k - ring of flight
MPRegen  0.09/turn              (no ring)

@: lethally poisoned (-3 -> -10)
A: antennae 1, claws 1, nightstalker 1
a: Renounce Religion, Evoke Flight


You were on level 3 of the Dungeon.
You worshipped Wu Jian.
Wu Jian was noncommittal.
You were very hungry.

You visited 1 branch of the dungeon, and saw 3 of its levels.

You collected 141 gold pieces.

Inventory:

Missiles
 d - 3 throwing nets {=f}
Armour
 b - a +0 leather armour (worn)
 c - a +0 helmet
Jewellery
 k - a ring of flight (left claw)
Scrolls
 a - 2 scrolls of noise {unknown}
 f - a scroll of immolation {unknown}
 g - 2 scrolls of remove curse {unknown}
 i - a scroll of identify
 j - a scroll of enchant weapon {unknown}
Comestibles
 e - 3 rations {!d}


   Skills:
 - Level 3.0 Fighting
   Level 2.9 Short Blades
 - Level 2.0 Throwing
 + Level 1.1 Armour
 + Level 3.1 Dodging
 * Level 1.2 Stealth
 * Level 1.4 Unarmed Combat
 + Level 0.8 Evocations


You had 3 spell levels left.
You didn't know any spells.
Your spell library was empty.

Dungeon Overview and Level Annotations

Branches:
Dungeon (3/12)

Altars:
Wu Jian


Innate Abilities, Weirdness & Mutations

You have a pair of small antennae on your head.
You have sharp fingernails.
You are slightly more attuned to the shadows.


Message History

The worker ant is severely wounded.
* * * LOW HITPOINT WARNING * * *
You feel sick. The worker ant bites you.
* * * LOW HITPOINT WARNING * * *
The worker ant barely misses you.
You scratch the worker ant but do no damage.
The worker ant is severely wounded.
* * * LOW HITPOINT WARNING * * *
You feel sick. The worker ant closely misses you.
You aren't carrying any potions.
Okay, then.
You scratch the worker ant.
The worker ant is almost dead.
* * * LOW HITPOINT WARNING * * *
You feel sick. The worker ant barely misses you.
You scratch the worker ant but do no damage.
The worker ant is almost dead.
* * * LOW HITPOINT WARNING * * *
You feel sick. The worker ant bites you.
You die...

#################
...............#
...#...#...#...###
.....a@..........#
..!#...#...#...#.#
...%............#
################.#
#.#########..#
{#...........##
#.########### #.#
#.#


You could see a worker ant.

Vanquished Creatures
  A worker ant (D:2)
  A worm (D:2)
  A dart slug (D:1)
  2 leopard geckos (D:1)
  2 ball pythons (D:1)
  A giant cockroach (D:1)
  6 goblins
  4 hobgoblins
  A jackal (D:1)
  3 bats (D:1)
  11 kobolds
  5 rats
38 creatures vanquished.

Notes
Turn   | Place    | Note
-------+----------+-------------------------------------------
     0 | D:1      | Corvidia the Demonspawn Gladiator began the quest for the
                  | Orb.
     0 | D:1      | Reached XP level 1. HP: 18/18 MP: 1/1
   172 | D:1      | Gained mutation: You have sharp fingernails. [demonic
                  | ancestry]
   172 | D:1      | Reached XP level 2. HP: 24/24 MP: 2/2
   735 | D:2      | Gained mutation: You have a pair of small antennae on your
                  | head. [demonic ancestry]
   735 | D:2      | Reached XP level 3. HP: 12/29 MP: 3/3
   857 | D:2      | Found an ornate altar of the Wu Jian Council.
   887 | D:2      | Became a worshipper of the Wu Jian Council
   902 | D:2      | Reached skill level 1 in Armour
   902 | D:2      | Reached skill level 1 in Stealth
   902 | D:2      | Reached skill level 1 in Unarmed Combat
   912 | D:2      | HP: 1/29 [poisoned by a worker ant]
  1358 | D:2      | Gained mutation: You are slightly more attuned to the
                  | shadows. [demonic ancestry]
  1358 | D:2      | Reached XP level 4. HP: 34/35 MP: 4/4
  2107 | D:3      | HP: 1/35 [poisoned by a worker ant]
  2107 | D:3      | Slain by a worker ant

Skill      XL: |  1  2  3 |
---------------+----------+-----
Throwing       | 2 |  2.0
Armour         | 1 |  1.1
Dodging        | 3 |  3.1
Stealth        | 1 |  1.2
Unarmed Combat | 1 |  1.4
Fighting       | |  3.0
Short Blades   | |  2.9
Evocations     | |  0.8

Action                   |  1- 3 |  4- 6 || total
-------------------------+-------+-------++-------
Melee: Rapier            |    60 |       ||    60
       Unarmed           |    92 |    24 ||   116
Invok: Lunge             |     3 |     2 ||     5
  Use: Potion            |     2 |       ||     2
 Stab: Sleeping          |     1 |     2 ||     3
  Eat: Chunk             |     5 |     1 ||     6
Armor: Leather armour    |    39 |     1 ||    40
Dodge: Dodged            |    77 |    13 ||    90
